 Dungeon Crawl Stone Soup version 0.31-a0-675-g238779eb0a (webtiles) character file.

Game seed: 2324436509549842558

35161 qw the Marksgargoyle (level 13, 0/87 HPs)
             Began as a Gargoyle Hunter on Sept 5, 2023.
             Was an Elder of Okawaru.
             Slain by a five-headed hydra (11 damage)
             ... on level 5 of the Lair of Beasts.
             The game lasted 00:08:06 (15041 turns).

qw the Marksgargoyle (Gargoyle Hunter)             Turns: 15041, Time: 00:08:07

Health: 0/87       AC: 21    Str: 16    XL:     13   Next: 82%
Magic:  20/20      EV: 23    Int: 12    God:    Okawaru [****..]
Gold:   936        SH:  5    Dex: 23    Spells: 12/12 levels left

rFire   + . .        Y - +1 orcbow
rCold   + . .        (shield currently unavailable)
rNeg    + . .        o - +1 robe {rC+ rF+}
rPois   inf          c - +0 helmet
rElec   +            q - scarf of Irit Feng {repulsion, Contam rCorr Int+2}
rCorr   +            r - +0 pair of gloves
SInv    .            f - +0 pair of boots {Stlth+}
Will    .....        d - amulet of reflection
Stlth   +++++        a - +6 ring of dexterity
HPRegen 0.34/turn    h - +4 ring of protection
MPRegen 0.17/turn

%: repel missiles, reflection
@: heroic
A: sickness immunity, AC +9, negative energy resistance 1, electricity
resistance, torment resistance 1, petrification resistance
a: Renounce Religion, Heroism, Finesse


You were on level 5 of the Lair of Beasts.
You worshipped Okawaru.
Okawaru was greatly pleased with you.
You visited 3 branches of the dungeon, and saw 16 of its levels.

You collected 936 gold pieces.


Innate Abilities, Weirdness & Mutations

You are immune to sickness and miasma.
Your stone body is resilient. (AC +9)
You are immune to poison.
You resist negative energy. (rN+)
You are resistant to electric shocks. (rElec)
You are resistant to unholy torment.
You are immune to petrification.


   Skills:
 + Level 12.4(17.4) Fighting
 - Level 16.0(21.0) Ranged Weapons
 - Level 4.1(9.1) Armour
 - Level 8.0(13.0) Dodging
 - Level 1.1(6.1) Stealth
 - Level 10.0 Invocations


You had 12 spell levels left.
You didn't know any spells.
Your spell library was empty.

Inventory:

Hand Weapons
 Y - a +1 orcbow (weapon)
Armour
 c - a +0 helmet (worn)
 f - a +0 pair of boots of stealth (worn)
 l - a +2 robe of fire resistance
 o - a +1 robe of resistance (worn)
 p - a +0 troll leather armour
 q - the scarf of Irit Feng (worn) {repulsion, Contam rCorr Int+2}
   (You found it on level 2 of the Lair of Beasts)

   Int+2:     It affects your intelligence (+2).
   Contam:    It causes magical contamination when unequipped.
   rCorr:     It protects you from acid and corrosion.
 r - a +0 pair of gloves (worn)
Jewellery
 a - a +6 ring of dexterity (left hand)
 d - an amulet of reflection (around neck)
 h - a +4 ring of protection (right hand)
Scrolls
 k - 6 scrolls of identify
Potions
 e - a potion of haste
 i - 6 potions of curing
 j - 4 potions of might
 m - a potion of enlightenment

Dungeon Overview and Level Annotations

Branches:
Dungeon (10/15)            Temple (1/1) D:6            Lair (5/5) D:9
 Shoals (0/4) Lair:3        Snake (0/4) Lair:2          Orc (0/2) D:9
  Slime: Lair:4-5

Altars:
Ashenzari
Cheibriados
Dithmenos
Elyvilon
Fedhas
Gozag
Hepliaklqana
Nemelex Xobeh
Okawaru
Qazlal
Ru
Trog
Uskayaw
Wu Jian
Xom
Yredelemnul
Zin
The Shining One

Shops:
D:6 *   D:7 :


Message History

15034 ||| Stepping ~*~*~tactically~*~*~ (retreating).
The yak attacks as it pursues you! The yak barely misses you.
The elephant completely misses you. The elephant misses you.
The four-headed hydra barely misses you.
The four-headed hydra closely misses you.
The four-headed hydra barely misses you.
The four-headed hydra bites you but does no damage.
Enter note:
15035 |||
Found retreat position at 1,0 (floor) with 0 blocking monsters and 1 monsters attacking at destination at distance 1
15035 ||| Stepping ~*~*~tactically~*~*~ (retreating).
You shoot an arrow. The arrow hits the yak.
The yak is severely wounded.
The yak completely misses you.
You shoot an arrow. The arrow hits the yak!!
You kill the yak!
Okawaru accepts your kill.
You shoot an arrow. The arrow hits the five-headed hydra!!
The five-headed hydra is moderately wounded.
The five-headed hydra bites you.
The five-headed hydra barely misses you.
The five-headed hydra bites you but does no damage.
The five-headed hydra bites you.
The five-headed hydra closely misses you.
You shoot an arrow.
The arrow barely misses the five-headed hydra.
The arrow hits the elephant.
The elephant is lightly wounded.
You shoot an arrow. The arrow hits the five-headed hydra!
The five-headed hydra is moderately wounded.
The five-headed hydra closely misses you.
The five-headed hydra bites you. The five-headed hydra misses you.
The five-headed hydra barely misses you.
The five-headed hydra misses you.
You shoot an arrow.
The arrow barely misses the five-headed hydra.
The arrow hits the elephant.
The elephant is moderately wounded.
You block the five-headed hydra's attack.
The five-headed hydra bites you! x2
You die...

####.P#P##
###.S........P..#.
.P..............
..............#
##.............#
#..............
#.............#
.#............k####...
.............YYD@#P..#
##..).........D##....#
...............#....<...
........................
....../.................
.#P...P..#.#......P..P##
##P....###....####...#
#...#.## #..%%.###...##
##...## #...### ......


You could see a five-headed hydra, a four-headed hydra, an elephant, a yak and a
rime drake.

Vanquished Creatures
  Rupert (Lair:3)
  Erica (D:9)
  A boulder beetle (Lair:1)
  Nergalle (Lair:1)
  2 skysharks
  7 black mambas
  7 elephants
  A torpor snail (Lair:1)
  A gargoyle (D:7)
  9 cane toads
  3 komodo dragons
  2 rime drakes (Lair:1)
  2 polar bears
  A troll (D:9)
  2 hornets
  11 blink frogs
  52 yaks
  7 wyverns
  7 basilisks
  5 steam dragons
  Menkaure (D:6)
  2 hell hounds (Lair:2)
  21 water moccasins
  4 sky beasts
  3 black bears
  6 orc warriors (D:9)
  An ice beast (D:5)
  2 centaurs
  15 wolves
  2 phantoms (D:4)
  3 kobold brigands
  9 bullfrogs
  4 scorpions
  22 wights
  11 killer bees
  An electric eel (Lair:2)
  2 howler monkeys
  A crimson imp (D:7)
  5 orc priests
  A gnoll bouda (D:5)
  5 hounds
  4 iguanas
  3 orc wizards
  10 adders
  10 gnolls
  A shadow imp (D:7)
  13 white imps
  An ufetubus (D:4)
  5 worms
  3 dart slugs
  46 orcs
  6 ball pythons
  5 endoplasms
  4 giant cockroaches
  7 goblins
  8 hobgoblins
  4 quokkas
  3 bats
  2 frilled lizards
  16 kobolds
  5 rats
400 creatures vanquished.

Notes
Turn   | Place    | Note
-------+----------+-------------------------------------------
     0 | D:1      | qw the Gargoyle Hunter began the quest for the Orb.
     0 | D:1      | Reached XP level 1. HP: 12/12 MP: 1/1
     0 | D:1      | 0 ||| qw: Version: 0.3-a-75-g829b12e
     0 | D:1      | 0 ||| qw: Game counter: 79
     0 | D:1      | 0 ||| qw: Melee chars always use a shield: true
     0 | D:1      | 0 ||| qw: God list: Okawaru
     0 | D:1      | 0 ||| qw: Allow faded altars: false
     0 | D:1      | 0 ||| qw: Do Orc after clearing Dungeon:15 true
     0 | D:1      | 0 ||| qw: Do second Lair branch before Depths: true
     0 | D:1      | 0 ||| qw: Lair rune preference: random
     0 | D:1      | 0 ||| qw: Goals: Normal
     0 | D:1      | 0 ||| PLANNING D:1-11
   223 | D:1      | Reached XP level 2. HP: 17/17 MP: 2/2
   433 | D:1      | 433 ||| UPGRADING to +0 ring mail.
   443 | D:1      | 443 ||| DROPPING +0 leather armour.
   444 | D:1      | 444 ||| READING scroll labelled RAM ETHUAGICS.
   448 | D:1      | 448 ||| READING scroll labelled UBASMU PUEMMEA.
   449 | D:1      | 449 ||| DROPPING scroll of butterflies.
   544 | D:2      | 544 ||| FLEEEEING.
   622 | D:2      | Reached skill level 1 in Armour
   753 | D:2      | Reached XP level 3. HP: 21/21 MP: 3/3
  1073 | D:2      | Reached skill level 5 in Ranged Weapons
  1159 | D:2      | 1159 ||| UPGRADING to +0 helmet.
  1164 | D:2      | 1164 ||| UPGRADING to amulet of reflection.
  1169 | D:2      | 1169 ||| UPGRADING to +6 ring of dexterity.
  1170 | D:2      | 1170 ||| DRINKING 2 ruby potions.
  1254 | D:3      | Found a glowing silver altar of Zin.
  1274 | D:3      | Found an ornate altar of the Wu Jian Council.
  1384 | D:3      | Reached XP level 4. HP: 24/27 MP: 4/4
  1461 | D:3      | Reached skill level 3 in Fighting
  1663 | D:3      | Reached XP level 5. HP: 32/32 MP: 5/5
  2055 | D:3      | Found a broken altar of Ashenzari.
  2077 | D:3      | 2077 ||| READING scroll labelled QOZYED MIWA.
  2078 | D:3      | 2078 ||| DRINKING 2 fizzy inky potions.
  2124 | D:3      | 2124 ||| DRINKING 3 glowing yellow potions.
  2125 | D:3      | 2125 ||| DROPPING potion of lignification.
  2164 | D:4      | Reached skill level 6 in Ranged Weapons
  2169 | D:4      | Noticed a phantom
  2196 | D:4      | Killed a phantom
  2197 | D:4      | Reached XP level 6. HP: 33/38 MP: 6/6
  2238 | D:4      | 2238 ||| Stepping ~*~*~tactically~*~*~ (outnumbered).
  2491 | D:4      | Noticed a black bear
  2501 | D:4      | Killed a black bear
  2502 | D:4      | Reached skill level 7 in Ranged Weapons
  2502 | D:4      | Reached XP level 7. HP: 29/43 MP: 7/7
  2864 | D:4      | 2864 ||| Stepping ~*~*~tactically~*~*~ (outnumbered).
  2867 | D:4      | 2867 ||| Stepping ~*~*~tactically~*~*~ (outnumbered).
  3054 | D:4      | Found a sacrificial altar of Ru.
  3295 | D:4      | Reached skill level 8 in Ranged Weapons
  3489 | D:4      | 3489 ||| READING scroll labelled KENEVEUBLI.
  3490 | D:4      | 3490 ||| DRINKING 3 bubbling pink potions.
  3491 | D:4      | 3491 ||| DROPPING 2 potions of brilliance.
  3498 | D:5      | Entered Level 5 of the Dungeon
  3506 | D:5      | 3506 ||| DROPPING +1 sling of electrocution.
  3697 | D:5      | Reached XP level 8. HP: 47/49 MP: 8/8
  3864 | D:5      | Reached skill level 9 in Ranged Weapons
  4360 | D:5      | Reached skill level 6 in Fighting
  4415 | D:5      | 4415 ||| READING scroll labelled NANOTU MASEROMP.
  4507 | D:6      | Found an opulent altar of Gozag.
  4510 | D:6      | Found Gozag's Platinum Reserve.
  4518 | D:6      | 4518 ||| SHOPLISTING amulet of Xadda {Acrobat Harm rC++
                  | Str-4 Int+3} (5240 gold, have 210).
  4529 | D:6      | Found a staircase to the Ecumenical Temple.
  4530 | D:6      | 4530 ||| PLANNING TEMPLE
  4539 | Temple   | Entered the Ecumenical Temple
  4540 | Temple   | 4540 ||| PLANNING OKAWARU WORSHIP
  4548 | Temple   | Became a worshipper of Warmaster Okawaru
  4549 | Temple   | 4549 ||| PLANNING D:1-11
  4637 | D:6      | Found a shadowy altar of Dithmenos.
  4753 | D:6      | Found a bloodstained altar of Trog.
  4759 | D:6      | Noticed Menkaure
  4766 | D:6      | Killed Menkaure
  4767 | D:6      | Reached skill level 3 in Dodging
  4942 | D:6      | Reached XP level 9. HP: 27/55 MP: 9/9
  5046 | D:6      | Reached * piety under Okawaru
  5063 | D:6      | 5063 ||| INVOKING Heroism.
  5064 | D:6      | 5064 ||| Stepping ~*~*~tactically~*~*~ (cloud).
  5067 | D:6      | 5067 ||| Stepping ~*~*~tactically~*~*~ (cloud).
  5073 | D:6      | Reached skill level 10 in Ranged Weapons
  5075 | D:6      | 5075 ||| FLEEEEING.
  5076 | D:6      | 5076 ||| FLEEEEING.
  5077 | D:6      | 5077 ||| FLEEEEING.
  5078 | D:6      | 5078 ||| FLEEEEING.
  5079 | D:6      | 5079 ||| FLEEEEING.
  5080 | D:6      | 5080 ||| FLEEEEING.
  5081 | D:6      | 5081 ||| FLEEEEING.
  5082 | D:6      | 5082 ||| FLEEEEING.
  5094 | D:6      | 5094 ||| INVOKING Heroism.
  5216 | D:6      | Found a snail-covered altar of Cheibriados.
  5263 | D:6      | Found a glowing golden altar of the Shining One.
  5576 | D:6      | Identified the +1 falchion of the Queen {freeze, rCorr}
  5593 | D:6      | 5593 ||| UPGRADING to +2 robe of fire resistance.
  5609 | D:6      | 5609 ||| INVOKING Heroism.
  5677 | D:6      | 5677 ||| DROPPING +0 ring mail.
  5723 | D:6      | 5723 ||| READING scroll labelled XUFAOR DAUFA.
  5763 | D:6      | 5763 ||| DRINKING 2 fizzy silvery potions.
  5764 | D:6      | 5764 ||| READING 4 scrolls of identify.
  5764 | D:6      | 5764 ||| IDENTIFYING sedimented ruby potion
  5765 | D:6      | 5765 ||| READING 3 scrolls of identify.
  5765 | D:6      | 5765 ||| IDENTIFYING white potion
  5766 | D:6      | 5766 ||| DROPPING potion of invisibility.
  5801 | D:7      | Noticed a hornet
  5806 | D:7      | 5806 ||| INVOKING Heroism.
  5810 | D:7      | Killed a hornet
  5951 | D:7      | Reached skill level 1 in Invocations
  6018 | D:7      | Found a stormy altar of Qazlal.
  6020 | D:7      | 6020 ||| RETREATING.
  6026 | D:7      | 6026 ||| Stepping ~*~*~tactically~*~*~ (retreating).
  6035 | D:7      | 6035 ||| INVOKING Heroism.
  6036 | D:7      | 6036 ||| INVOKING Heroism.
  6153 | D:7      | 6153 ||| INVOKING Heroism.
  6195 | D:7      | Found Erchyczulath's Book Shop.
  6351 | D:7      | Noticed a gargoyle
  6361 | D:7      | 6361 ||| INVOKING Heroism.
  6367 | D:7      | Killed a gargoyle
  6368 | D:7      | Reached skill level 11 in Ranged Weapons
  6501 | D:7      | 6501 ||| INVOKING Heroism.
  6503 | D:7      | Reached skill level 3 in Invocations
  6503 | D:7      | Reached XP level 10. HP: 43/63 MP: 8/12
  6614 | D:7      | 6614 ||| FLEEEEING.
  7009 | D:7      | 7009 ||| READING scroll labelled PUFAC TOAJOWKE.
  7010 | D:7      | 7010 ||| READING scroll labelled QEEDDU HAIVUDGH.
  7011 | D:7      | 7011 ||| READING scroll labelled FYCWID NEQIYDGH.
  7012 | D:7      | 7012 ||| READING scroll labelled HOR DEURISCH.
  7197 | D:8      | 7197 ||| INVOKING Heroism.
  7409 | D:8      | 7409 ||| INVOKING Heroism.
  7570 | D:8      | 7570 ||| INVOKING Heroism.
  7944 | D:8      | 7944 ||| READING scroll labelled YSUTADEIME.
  7945 | D:8      | 7945 ||| READING 3 scrolls of identify.
  7945 | D:8      | 7945 ||| IDENTIFYING yellow potion
  8054 | D:9      | Reached skill level 12 in Ranged Weapons
  8099 | D:9      | 8099 ||| RETREATING.
  8107 | D:9      | Reached ** piety under Okawaru
  8181 | D:9      | You fall into a shaft and drop 1 floor!
  8181 | D:10     | Entered Level 10 of the Dungeon
  8315 | D:10     | 8315 ||| UPGRADING to +4 ring of protection.
  8358 | D:9      | 8358 ||| INVOKING Heroism.
  8371 | D:9      | 8371 ||| Stepping ~*~*~tactically~*~*~ (retreating).
  8445 | D:9      | 8445 ||| RETREATING.
  8448 | D:9      | 8448 ||| RETREATING.
  8450 | D:9      | 8450 ||| RETREATING.
  8476 | D:9      | Reached skill level 13 in Ranged Weapons
  8506 | D:9      | Found a staircase to the Lair.
  8577 | D:9      | 8577 ||| INVOKING Heroism.
  8582 | D:9      | 8582 ||| Stepping ~*~*~tactically~*~*~ (outnumbered).
  8611 | D:9      | 8611 ||| SWAPPING to +0 orcbow.
  8617 | D:9      | 8617 ||| DROPPING +1 shortbow of freezing.
  8618 | D:9      | 8618 ||| INVOKING Heroism.
  8626 | D:9      | Reached XP level 11. HP: 55/69 MP: 11/14
  8678 | D:9      | Found a staircase to the Orcish Mines.
  8679 | D:9      | Noticed Erica
  8680 | D:9      | 8680 ||| RETREATING.
  8684 | D:9      | 8684 ||| Stepping ~*~*~tactically~*~*~ (retreating).
  8685 | D:9      | 8685 ||| INVOKING Heroism.
  8699 | D:9      | Reached skill level 9 in Fighting
  8704 | D:9      | Killed Erica
  8713 | D:9      | Reached *** piety under Okawaru
  8895 | D:9      | 8895 ||| INVOKING Heroism.
  8916 | D:9      | 8916 ||| INVOKING Heroism.
  8922 | D:9      | 8922 ||| Stepping ~*~*~tactically~*~*~ (retreating).
  8978 | D:9      | 8978 ||| INVOKING Heroism.
  9035 | D:9      | 9035 ||| INVOKING Heroism.
  9044 | D:9      | Reached skill level 14 in Ranged Weapons
  9415 | D:9      | 9415 ||| PLANNING LAIR
  9415 | D:9      | 9415 ||| DROPPING +0 steam dragon scales.
  9416 | D:9      | 9416 ||| UPGRADING to +1 robe of resistance.
  9426 | D:9      | 9426 ||| READING 3 scrolls of identify.
  9426 | D:9      | 9426 ||| IDENTIFYING glowing golden potion
  9427 | D:9      | 9427 ||| DROPPING potion of degeneration.
  9475 | Lair:1   | Entered Level 1 of the Lair of Beasts
  9490 | Lair:1   | 9490 ||| FLEEEEING.
  9492 | Lair:1   | 9492 ||| INVOKING Heroism.
  9527 | Lair:1   | Noticed Nergalle
  9528 | Lair:1   | 9528 ||| FLEEEEING.
  9529 | Lair:1   | 9529 ||| INVOKING Heroism.
  9535 | Lair:1   | Killed Nergalle
  9536 | Lair:1   | Reached skill level 6 in Dodging
  9587 | Lair:1   | 9587 ||| RETREATING.
  9592 | Lair:1   | 9592 ||| Stepping ~*~*~tactically~*~*~ (retreating).
  9593 | Lair:1   | 9593 ||| Stepping ~*~*~tactically~*~*~ (retreating).
  9595 | Lair:1   | 9595 ||| Stepping ~*~*~tactically~*~*~ (retreating).
  9596 | Lair:1   | 9596 ||| Stepping ~*~*~tactically~*~*~ (retreating).
  9597 | Lair:1   | 9597 ||| Stepping ~*~*~tactically~*~*~ (retreating).
  9598 | Lair:1   | 9598 ||| Stepping ~*~*~tactically~*~*~ (retreating).
  9620 | Lair:1   | 9620 ||| INVOKING Heroism.
  9661 | Lair:1   | 9661 ||| INVOKING Heroism.
  9766 | Lair:1   | 9766 ||| RETREATING.
  9780 | Lair:1   | Reached **** piety under Okawaru
  9795 | Lair:1   | 9795 ||| INVOKING Heroism.
  9953 | Lair:1   | Noticed a boulder beetle
  9954 | Lair:1   | 9954 ||| INVOKING Heroism.
  9973 | Lair:1   | Killed a boulder beetle
  9994 | Lair:1   | 9994 ||| INVOKING Heroism.
 10011 | Lair:1   | Reached XP level 12. HP: 59/77 MP: 14/16
 10086 | Lair:1   | 10086 ||| INVOKING Heroism.
 10190 | Lair:1   | Reached skill level 6 in Invocations
 10329 | Lair:1   | Found a shadowy altar of Dithmenos.
 10457 | Lair:1   | 10457 ||| INVOKING Heroism.
 10761 | Lair:2   | 10761 ||| STAIRDANCE
 10812 | Lair:2   | 10812 ||| STAIRDANCE
 10838 | Lair:2   | 10838 ||| STAIRDANCE
 10952 | Lair:2   | Found a staircase to the Snake Pit.
 10972 | Lair:2   | Reached skill level 15 in Ranged Weapons
 11047 | Lair:2   | Reached ***** piety under Okawaru
 11048 | Lair:2   | Noticed a skyshark
 11064 | Lair:2   | Killed a skyshark
 11154 | Lair:2   | 11154 ||| INVOKING Heroism.
 11192 | Lair:2   | Identified the scarf of Irit Feng {repulsion, Contam rCorr
                  | Int+2}
 11249 | Lair:2   | 11249 ||| Stepping ~*~*~tactically~*~*~ (retreating).
 11254 | Lair:2   | 11254 ||| Stepping ~*~*~tactically~*~*~ (outnumbered).
 11829 | Lair:2   | 11829 ||| UPGRADING to scarf of Irit Feng {repulsion,
                  | Contam rCorr Int+2}.
 11852 | Lair:2   | 11852 ||| UPGRADING to +0 pair of gloves.
 11873 | Lair:2   | 11873 ||| RETREATING.
 11878 | Lair:2   | 11878 ||| Stepping ~*~*~tactically~*~*~ (retreating).
 11886 | Lair:2   | 11886 ||| Stepping ~*~*~tactically~*~*~ (retreating).
 11887 | Lair:2   | 11887 ||| Stepping ~*~*~tactically~*~*~ (retreating).
 11888 | Lair:2   | 11888 ||| Stepping ~*~*~tactically~*~*~ (retreating).
 11910 | Lair:2   | 11910 ||| INVOKING Heroism.
 11912 | Lair:2   | Received a gift from Okawaru
 11921 | Lair:2   | Reached skill level 9 in Invocations
 12325 | Lair:2   | 12325 ||| Stepping ~*~*~tactically~*~*~ (outnumbered).
 12327 | Lair:2   | 12327 ||| Stepping ~*~*~tactically~*~*~ (outnumbered).
 12329 | Lair:2   | 12329 ||| Stepping ~*~*~tactically~*~*~ (outnumbered).
 12423 | Lair:2   | 12423 ||| READING scroll labelled JIARRU BEYTU.
 12424 | Lair:2   | 12424 ||| READING scroll labelled VIANLU SAOBBIUL.
 12499 | Lair:3   | Noticed Rupert
 12500 | Lair:3   | 12500 ||| Stepping ~*~*~tactically~*~*~ (retreating).
 12512 | Lair:3   | 12512 ||| INVOKING Heroism.
 12513 | Lair:3   | 12513 ||| INVOKING Finesse.
 12528 | Lair:3   | Killed Rupert
 12621 | Lair:3   | 12621 ||| Stepping ~*~*~tactically~*~*~ (outnumbered).
 12631 | Lair:3   | 12631 ||| Stepping ~*~*~tactically~*~*~ (outnumbered).
 12634 | Lair:3   | 12634 ||| Stepping ~*~*~tactically~*~*~ (outnumbered).
 12650 | Lair:3   | Found a frozen archway.
 12654 | Lair:3   | 12654 ||| Stepping ~*~*~tactically~*~*~ (outnumbered).
 12658 | Lair:3   | 12658 ||| Stepping ~*~*~tactically~*~*~ (outnumbered).
 12659 | Lair:3   | 12659 ||| Stepping ~*~*~tactically~*~*~ (outnumbered).
 12736 | Lair:3   | 12736 ||| INVOKING Heroism.
 12739 | Lair:3   | 12739 ||| RETREATING.
 12745 | Lair:3   | 12745 ||| RETREATING.
 12753 | Lair:3   | Reached XP level 13. HP: 82/82 MP: 20/20
 12762 | Lair:3   | Reached skill level 16 in Ranged Weapons
 12772 | Lair:3   | 12772 ||| RETREATING.
 12781 | Lair:3   | 12781 ||| Stepping ~*~*~tactically~*~*~ (retreating).
 12813 | Lair:3   | Received a gift from Okawaru
 12834 | Lair:3   | 12834 ||| READING scroll of enchant weapon.
 12834 | Lair:3   | 12834 ||| ENCHANTING +0 orcbow.
 12854 | Lair:3   | 12854 ||| RETREATING.
 12868 | Lair:3   | 12868 ||| RETREATING.
 12977 | Lair:3   | 12977 ||| INVOKING Heroism.
 12993 | Lair:3   | 12993 ||| RETREATING.
 13357 | Lair:3   | 13357 ||| RETREATING.
 13366 | Lair:3   | 13366 ||| Stepping ~*~*~tactically~*~*~ (retreating).
 13372 | Lair:3   | 13372 ||| Stepping ~*~*~tactically~*~*~ (retreating).
 13383 | Lair:3   | Received a gift from Okawaru
 13602 | Lair:3   | Found a staircase to the Shoals.
 13631 | Lair:3   | 13631 ||| INVOKING Heroism.
 13647 | Lair:3   | Reached skill level 3 in Armour
 13705 | Lair:3   | 13705 ||| UPGRADING to +0 pair of boots of stealth.
 13788 | Lair:4   | 13788 ||| INVOKING Heroism.
 13794 | Lair:4   | 13794 ||| RETREATING.
 13950 | Lair:4   | 13950 ||| INVOKING Heroism.
 14191 | Lair:4   | 14191 ||| RETREATING.
 14198 | Lair:4   | 14198 ||| Stepping ~*~*~tactically~*~*~ (retreating).
 14212 | Lair:4   | Reached skill level 12 in Fighting
 14488 | Lair:4   | 14488 ||| RETREATING.
 14497 | Lair:4   | 14497 ||| Stepping ~*~*~tactically~*~*~ (retreating).
 14498 | Lair:4   | 14498 ||| Stepping ~*~*~tactically~*~*~ (retreating).
 14499 | Lair:4   | 14499 ||| Stepping ~*~*~tactically~*~*~ (retreating).
 14500 | Lair:4   | 14500 ||| Stepping ~*~*~tactically~*~*~ (retreating).
 14603 | Lair:4   | 14603 ||| INVOKING Heroism.
 14838 | Lair:4   | 14838 ||| READING scroll labelled WOSHUM LORGHA.
 14856 | Lair:5   | Entered Level 5 of the Lair of Beasts
 14859 | Lair:5   | 14859 ||| STAIRDANCE
 14868 | Lair:5   | 14868 ||| STAIRDANCE
 14929 | Lair:5   | 14929 ||| INVOKING Heroism.
 14955 | Lair:5   | 14955 ||| RETREATING.
 14958 | Lair:5   | 14958 ||| INVOKING Heroism.
 14962 | Lair:5   | 14962 ||| Stepping ~*~*~tactically~*~*~ (retreating).
 14963 | Lair:5   | 14963 ||| Stepping ~*~*~tactically~*~*~ (retreating).
 14964 | Lair:5   | 14964 ||| Stepping ~*~*~tactically~*~*~ (retreating).
 14969 | Lair:5   | HP: 16/86 [six-headed hydra (7)]
 14970 | Lair:5   | 14970 ||| READING 2 scrolls of teleportation.
 14971 | Lair:5   | 14971 ||| DRINKING 3 potions of heal wounds.
 14974 | Lair:5   | 14974 ||| RETREATING.
 14975 | Lair:5   | 14975 ||| Stepping ~*~*~tactically~*~*~ (retreating).
 14976 | Lair:5   | 14976 ||| Stepping ~*~*~tactically~*~*~ (retreating).
 14977 | Lair:5   | 14977 ||| Stepping ~*~*~tactically~*~*~ (retreating).
 14978 | Lair:5   | 14978 ||| Stepping ~*~*~tactically~*~*~ (retreating).
 14979 | Lair:5   | 14979 ||| Stepping ~*~*~tactically~*~*~ (retreating).
 14989 | Lair:5   | 14989 ||| Stepping ~*~*~tactically~*~*~ (retreating).
 14990 | Lair:5   | 14990 ||| Stepping ~*~*~tactically~*~*~ (retreating).
 14991 | Lair:5   | 14991 ||| Stepping ~*~*~tactically~*~*~ (retreating).
 14992 | Lair:5   | 14992 ||| Stepping ~*~*~tactically~*~*~ (retreating).
 15016 | Lair:5   | 15016 ||| INVOKING Heroism.
 15017 | Lair:5   | HP: 19/87 [elephant (7)]
 15018 | Lair:5   | 15018 ||| READING scroll of teleportation.
 15019 | Lair:5   | 15019 ||| DRINKING 2 potions of heal wounds.
 15023 | Lair:5   | 15023 ||| Stepping ~*~*~tactically~*~*~ (retreating).
 15024 | Lair:5   | 15024 ||| Stepping ~*~*~tactically~*~*~ (retreating).
 15025 | Lair:5   | 15025 ||| Stepping ~*~*~tactically~*~*~ (retreating).
 15026 | Lair:5   | 15026 ||| Stepping ~*~*~tactically~*~*~ (retreating).
 15026 | Lair:5   | HP: 15/87 [five-headed hydra (8)]
 15027 | Lair:5   | 15027 ||| DRINKING potion of heal wounds.
 15028 | Lair:5   | 15028 ||| Stepping ~*~*~tactically~*~*~ (retreating).
 15029 | Lair:5   | 15029 ||| Stepping ~*~*~tactically~*~*~ (retreating).
 15030 | Lair:5   | 15030 ||| Stepping ~*~*~tactically~*~*~ (retreating).
 15031 | Lair:5   | 15031 ||| Stepping ~*~*~tactically~*~*~ (retreating).
 15032 | Lair:5   | 15032 ||| Stepping ~*~*~tactically~*~*~ (retreating).
 15033 | Lair:5   | 15033 ||| Stepping ~*~*~tactically~*~*~ (retreating).
 15034 | Lair:5   | 15034 ||| Stepping ~*~*~tactically~*~*~ (retreating).
 15035 | Lair:5   | 15035 ||| Stepping ~*~*~tactically~*~*~ (retreating).
 15040 | Lair:5   | HP: 18/87 [five-headed hydra (6)]
 15041 | Lair:5   | Slain by a five-headed hydra

Levels and vault maps discovered:
D:1:      giann_bridges, layout_rooms
D:2:      layout_loops_ring
D:3:      minmay_chambers_of_twos, layout_loops_ring, lemuel_tele_altar,
          mainiacjoe_overflow_catwalk, mainiacjoe_overflow_alcove_4
D:4:      layout_loops_corners, mainiacjoe_overflow_tiny_flanked,
          minmay_box_of_dots
D:5:      minmay_angry_zag, layout_basic
D:6:      layout_basic, amcnicky_altar_gilded, nicolae_dithmenos_the_darkroom,
          nicolae_gozag_zags_fifth_avenue, trog_three_pillars_becter,
          cheibriados_altar_1, minmay_temple_entry_large_hall,
          nicolae_concentric_dashed_squares_mild, nrook_mini_vaults,
          minmay_unpleasant_kobolds, uniq_menkaure
D:7:      layout_basic, mainiacjoe_overflow_chevrons, serial_shops,
          nicolae_diamond_shop, minmay_fire_ice_demons
D:8:      layout_basic
D:9:      layout_roguey [special_room_orc], minmay_lair_entry_grove, erik_orc_3,
          uniq_erica
D:10:     layout_basic, grunt_temple_overflow_magic_moments,
          overflow_temple_1_default, minmay_starry_boxes
Temple:   nicolae_temple_two_arcs
Lair:1:   layout_regular_city, basic_altar, nzn_sisyphean_effort, uniq_nergalle
Lair:2:   layout_loops_ring, minmay_snake_entry_six_corridors, enter_volcano_3,
          chequers_serial_rivers_small_3, minmay_hedge_maze,
          chequers_serial_rivers_room_a, serial_bayou_shore_a,
          serial_bayou_shore_b
Lair:3:   layout_cave_pods, elwin_shoals_entry_rocks,
          portal_ice_cave_entry_imps, uniq_rupert
Lair:4:   layout_hall_layers
Lair:5:   evilmike_catoblepas_cave, layout_small_grid, dpeg_slime_entry_corner,
          small_statue_intersection

Skill      XL: |  1  2  3  4  5  6  7  8  9 10 11 12 13 |
---------------+----------------------------------------+-----
Armour         | 1 2 4 |  4.1
Ranged Weapons | 5 6 7 8 9 11 13 14 15 16 | 16.0
Fighting       | 3 4 5 6 7 8 10 12 | 12.4
Dodging        | 2 3 4 5 6 8 |  8.0
Invocations    | 3 4 5 9 10 | 10.0
Stealth        | |  1.1

Action                     |  1- 3 |  4- 6 |  7- 9 | 10-12 | 13-15 || total
---------------------------+-------+-------+-------+-------+-------++-------
   Fire: Shortbow          |   116 |   150 |   439 |   226 |       ||   931
         Orcbow            |       |       |       |   784 |   451 ||  1235
 Invoke: Heroism           |       |       |     8 |    24 |     8 ||    40
         Finesse           |       |       |       |     1 |       ||     1
    Use: Scroll            |     2 |     1 |     5 |     9 |     4 ||    21
         Potion            |     1 |     2 |     2 |       |     3 ||     8
 Armour: Leather armour    |     1 |       |       |       |       ||     1
         Ring mail         |    47 |    65 |    91 |       |       ||   203
         Robe              |       |       |    44 |   228 |   165 ||   437
         Skin              |       |       |     1 |       |       ||     1
  Dodge: Dodged            |    33 |    43 |   125 |   395 |   230 ||   826
         Repelled          |       |       |       |     2 |       ||     2
  Block: Other             |     1 |    33 |    53 |   118 |    60 ||   265
         Reflection        |       |       |     1 |     1 |     2 ||     4

Table legend:
 A = Non-vault XP
 B = Vault XP
 C = Vault XP percentage of total XP
 D = Non-vault monster count
 E = Vault monster count
 F = Vault count percentage of total count
                 A         B        C        D         E       F
            +---------+---------+-------+---------+---------+-------
      Total |   39630 |   10600 |  21.1 |     298 |     102 |  25.5
            +---------+---------+-------+---------+---------+-------
        D:1 |      16 |       0 |   0.0 |      11 |       0 |   0.0
        D:2 |      46 |       0 |   0.0 |      20 |       0 |   0.0
        D:3 |      75 |      54 |  41.9 |      13 |       8 |  38.1
        D:4 |     806 |      13 |   1.6 |      27 |       3 |  10.0
        D:5 |     629 |     165 |  20.8 |      22 |       5 |  18.5
        D:6 |    1017 |     264 |  20.6 |      12 |       7 |  36.8
        D:7 |    1748 |      58 |   3.2 |      18 |       2 |  10.0
        D:8 |    1308 |       0 |   0.0 |      16 |       0 |   0.0
        D:9 |    2274 |    4032 |  63.9 |      23 |      51 |  68.9
       D:10 |     372 |       0 |   0.0 |       5 |       0 |   0.0
     Lair:1 |    6309 |    2245 |  26.2 |      29 |       4 |  12.1
     Lair:2 |    5948 |    1945 |  24.6 |      22 |       9 |  29.0
     Lair:3 |    7898 |    1824 |  18.8 |      38 |      13 |  25.5
     Lair:4 |    8945 |       0 |   0.0 |      34 |       0 |   0.0
     Lair:5 |    2239 |       0 |   0.0 |       8 |       0 |   0.0
            +---------+---------+-------+---------+---------+-------
